Blues vs Red Wings

Created - 28 octobre 2025 at 17:08

Goals
1 2 3 T
Blues 1 2 1 4
Red Wings 0 1 0 1
Shots
1 2 3 T
Blues 15 10 12 37
Red Wings 14 11 7 32

GoalsPenalties
1st period
1. Blues , Evan Bouchard 1 (Casey Mittelstadt 6, Jack Quinn 7) at 17:52
Mathieu Olivier (STL) for Hooking (Minor) at 5:47
2nd period
2. Blues , Mathieu Olivier 3 (Logan O'Connor 3, Evan Rodrigues 4) at 0:32
3. Blues , Logan O'Connor 3 (Mathieu Olivier 1) at 1:03
4. Red Wings , Mason Marchment 3 (Brett Leason 5, Mathew Dumba 2) at 5:11
Mathieu Olivier (STL) for Elbowing (Minor) at 2:11
Michael Bunting (STL) for Delaying the game (Minor) at 5:26
3rd period
5. Blues , Jack Quinn 4 (Evan Bouchard 5, Casey Mittelstadt 7) at 16:06
Neal Pionk (STL) for Slashing (Minor) at 0:22
Goalie Stats
Keith Petruzzelli (STL), 31 saves from 32 shots - (0,969), W, 1-0-0, 60:00 minutes
Joonas Korpisalo (DET), 33 saves from 37 shots - (0,892), L, 0-2-0, 60:00 minutes
3 StarsOfficial
1 - Evan Bouchard (STL)
2 - Keith Petruzzelli (STL)
3 - Logan O'Connor (STL)
Referees : Tim Peel and Kelly Sutherland
Linesman : Vaughan Rody and Kyle Larson
Game Note
No Game Note
Finance
Level 1 -- Attendance: 3522 (58,70%) -- Ticket Income $457,860
Level 2 -- Attendance: 3008 (60,16%) -- Ticket Income $255,680
Level 3 -- Attendance: 1235 (61,75%) -- Ticket Income $61,750
Level 4 -- Attendance: 3542 (88,55%) -- Ticket Income $88,550
Luxury Box -- Attendance: 661 (66,10%) -- Ticket Income $165,250
Game was played at the Octopus Arena.
Total Attendance: 11968 (66,49%)
Total Ticket Income: $1,029,090
Other Income: $504,254
Total Income: $1,533,344



Team Name Goals Shots Shots Attemp Shots Blocked PIM HIT PP PK FO%
Blues 43759128200 / 0 (0,00%054%
Red Wings 13258100190 / 4 (0%)046%

Blues
Player Name POS G A P +/- PIM HIT SHT SB MP PP MP PP SHT PK MP PK SHT FO% FOT GA TA
Casey MittelstadtC/LW0221010017:110:0002:12069% 1301
Dalibor DvorskyRW000000108:540:0000:0000% 100
Dawson MercerC/RW0001030017:300:0002:59050% 401
Ethan Del MastroD0001000316:120:0002:3400% 000
Evan BouchardD1123012219:280:0001:1500% 000
Evan RodriguesC/LW/RW0112041013:040:0000:00050% 210
Filip ChytilC/LW/RW0000003016:450:0001:12056% 1610
Jack QuinnLW/RW1121004014:260:0000:0000% 010
Joona KoppanenC/LW000000000:000:0000:0000% 000
Logan O'ConnorRW1122015017:110:0004:0000% 010
Marcus JohanssonC/LW/RW0000014119:250:0004:08057% 700
Mathieu OlivierRW1122414215:060:0001:210100% 101
Michael BuntingLW0000222014:380:0000:0000% 200
Morgan RiellyD000-1010021:230:0003:1100% 001
Nathan BastianC/RW000000108:540:0000:0000% 000
Neal PionkD0003211224:030:0003:4500% 012
Pontus HolmbergC/LW000001308:540:0000:00025% 411
Rasmus RistolainenD000-1004025:000:0005:0700% 001
Steven LorentzC/LW000000000:000:0000:0000% 000
Torey KrugD0001032213:560:0000:0000% 000
Red Wings
Player Name POS G A P +/- PIM HIT SHT SB MP PP MP PP SHT PK MP PK SHT FO% FOT GA TA
Arthur KaliyevLW/RW0000000013:540:0900:0000% 001
Brett LeasonRW011-3011014:360:0300:0000% 000
Brett PesceD000-1002019:353:5600:0000% 000
Brock McGinnLW/RW000-3030120:363:3900:0000% 100
Calvin de HaanD0000020416:260:0000:0000% 011
David PastrnakLW/RW0000021012:294:1410:0000% 011
Dylan DeMeloD000-2013222:354:0010:0000% 000
Fedor SvechkovC000000007:180:0000:0000% 000
Jakob ChychrunD000-1002120:374:0000:0000% 010
Justin HollRW/D0000011016:433:5600:0000% 000
Juuso ValimakiD000000000:350:0000:0000% 000
Kailer YamamotoC/LW/RW0000005014:280:5400:00050% 600
Mason LohreiD000-2013115:250:0000:0000% 010
Mason MarchmentLW/RW1010045020:263:1800:0000% 111
Mathew DumbaD0110011116:400:0000:0000% 010
Matias MaccelliC/LW/RW000000002:590:0900:000100% 200
Nick BjugstadC/RW000-3002019:244:1400:00044% 1610
Nick PerbixD000000003:590:0000:0000% 001
Owen TippettLW/RW0000016020:593:5110:0000% 111
Taylor RaddyshC/LW/RW0000020020:163:1700:00048% 2300

Blues

5 vs 5 Forward
Line #Left WingCenterRight WingPHYDFOFWanted %Time %Time Play
1Jack QuinnCasey MittelstadtDawson Mercer0143530%15:29
2Michael BuntingFilip ChytilMarcus Johansson0143428%14:37
3Mathieu OlivierEvan RodriguesLogan O'Connor3112425%13:04
4Dalibor DvorskyPontus HolmbergNathan Bastian122717%8:54
5 vs 5 Defense
Line #DefenseDefensePHYDFOFWanted %Time %Time Play
1Evan BouchardNeal Pionk0233736%18:51
2Rasmus RistolainenMorgan Rielly0323332%16:40
3Torey KrugEthan Del Mastro2212026%13:41
4Rasmus RistolainenNeal Pionk041106%2:52
Power Play Forward
Line #Left WingCenterRight WingPHYDFOFWanted %Time %Time Play
1Jack QuinnCasey MittelstadtDawson Mercer014750%0:00
2Filip ChytilMarcus JohanssonEvan Rodrigues014250%0:00
Power Play Defense
Line #DefenseDefensePHYDFOFWanted %Time %Time Play
1Michael BuntingEvan Bouchard014600%0:00
2Neal PionkMorgan Rielly014400%0:00
Penalty Kill 4 Players Forward
Line #CenterWingPHYDFOFWanted %Time %Time Play
1Marcus JohanssonLogan O'Connor0416067%5:21
2Dawson MercerMathieu Olivier0414033%2:35
Penalty Kill 4 Players Defense
Line #DefenseDefensePHYDFOFWanted %Time %Time Play
1Rasmus RistolainenNeal Pionk0417070%5:32
2Ethan Del MastroMorgan Rielly0413030%2:24
Penalty Kill 3 Players
Line #WingPHYDFOFWanted %Time %Time PlayDefenseDefensePHYDFOFWanted %Time %Time Play
1Logan O'Connor050500%0:00 Rasmus RistolainenNeal Pionk050500%0:00
2Dawson Mercer050500%0:00 Morgan RiellyMathieu Olivier050500%0:00
4 vs 4 Forward
Line #CenterWingPHYDFOFWanted %Time %Time Play
1Mathieu OlivierJack Quinn023500%0:00
2Dawson MercerMichael Bunting023500%0:00
4 vs 4 Defense
Line #DefensePHYDFOFWanted %Time %Time Play
1Rasmus RistolainenMarcus Johansson023500%0:00
2Evan BouchardFilip Chytil023500%0:00
Last Minutes Offensive
Left WingCenterRight WingDefenseDefense
Casey MittelstadtDawson MercerJack QuinnMichael BuntingNeal Pionk
Last Minutes Defensive
Left WingCenterRight WingDefenseDefense
Mathieu OlivierDawson MercerLogan O'ConnorRasmus RistolainenEvan Bouchard
Time
Total ForwardTotal DefenseLast Minutes OffensiveLast Minutes Defensive
60:00 60:00 0:000:00
Extra Forwards
Normal PowerPlayPenalty Kill
Filip Chytil, Michael Bunting, Casey MittelstadtCasey Mittelstadt, Michael BuntingCasey Mittelstadt
Extra Defensemen
Normal PowerPlayPenalty Kill
Morgan Rielly, Neal Pionk, Ethan Del MastroMorgan Rielly, Morgan RiellyNeal Pionk
Penalty Shots
Michael Bunting, Dawson Mercer, Filip Chytil, Jack Quinn, Casey Mittelstadt
Goalie
Keith Petruzzelli, Dylan Garand
Custom OT Lines Forwards
Marcus Johansson, Joona Koppanen, Dawson Mercer, Evan Rodrigues, Mathieu Olivier, Michael Bunting, Filip Chytil, Jack Quinn, Logan O'Connor, Pontus Holmberg
Custom OT Lines Defensemen
Rasmus Ristolainen, Neal Pionk, Evan Bouchard, Morgan Rielly, Ethan Del Mastro
Scratches
Ilya Samsonov (Exhaustion), Callum Tung (Right Hand Injury)

Red Wings

5 vs 5 Forward
Line #Left WingCenterRight WingPHYDFOFWanted %Time %Time Play
1Mason MarchmentTaylor RaddyshOwen Tippett0323935%18:10
2Brett LeasonNick BjugstadBrock McGinn0413226%13:42
3Arthur KaliyevKailer YamamotoJustin Holl1312425%12:54
4David PastrnakFedor SvechkovBrock McGinn131514%7:18
5 vs 5 Defense
Line #DefenseDefensePHYDFOFWanted %Time %Time Play
1Brett PesceJakob Chychrun2303431%16:02
2Mason LohreiDylan DeMelo0323330%15:37
3Calvin de HaanMathew Dumba0413332%16:26
4Nick PerbixDylan DeMelo12208%3:59
Power Play Forward
Line #Left WingCenterRight WingPHYDFOFWanted %Time %Time Play
1David PastrnakNick BjugstadOwen Tippett0056054%4:17
2Mason MarchmentTaylor RaddyshBrock McGinn0054046%3:39
Power Play Defense
Line #DefenseDefensePHYDFOFWanted %Time %Time Play
1Jakob ChychrunDylan DeMelo0145050%4:00
2Justin HollBrett Pesce0145050%3:56
Penalty Kill 4 Players Forward
Line #CenterWingPHYDFOFWanted %Time %Time Play
1Brock McGinnJustin Holl050500%0:00
2Taylor RaddyshMason Marchment050500%0:00
Penalty Kill 4 Players Defense
Line #DefenseDefensePHYDFOFWanted %Time %Time Play
1Jakob ChychrunDylan DeMelo140500%0:00
2Mason LohreiBrett Pesce140500%0:00
Penalty Kill 3 Players
Line #WingPHYDFOFWanted %Time %Time PlayDefenseDefensePHYDFOFWanted %Time %Time Play
1Nick Bjugstad050500%0:00 Dylan DeMeloJustin Holl140500%0:00
2Mason Marchment050500%0:00 Calvin de HaanBrett Pesce140500%0:00
4 vs 4 Forward
Line #CenterWingPHYDFOFWanted %Time %Time Play
1Taylor RaddyshOwen Tippett014500%0:00
2Nick BjugstadMason Marchment023500%0:00
4 vs 4 Defense
Line #DefensePHYDFOFWanted %Time %Time Play
1Brett PesceDylan DeMelo032500%0:00
2Jakob ChychrunJustin Holl032500%0:00
Last Minutes Offensive
Left WingCenterRight WingDefenseDefense
David PastrnakOwen TippettTaylor RaddyshJakob ChychrunDylan DeMelo
Last Minutes Defensive
Left WingCenterRight WingDefenseDefense
David PastrnakOwen TippettTaylor RaddyshJakob ChychrunDylan DeMelo
Time
Total ForwardTotal DefenseLast Minutes OffensiveLast Minutes Defensive
60:00 60:00 0:000:00
Extra Forwards
Normal PowerPlayPenalty Kill
Justin Holl, Mason Marchment, Nick BjugstadMason Marchment, Kailer YamamotoMason Marchment
Extra Defensemen
Normal PowerPlayPenalty Kill
Brett Pesce, Dylan DeMelo, Justin HollBrett Pesce, Brett PesceDylan DeMelo
Penalty Shots
Justin Holl, Owen Tippett, Mason Marchment, Nick Bjugstad, Kailer Yamamoto
Goalie
Joonas Korpisalo, Tristan Jarry
Custom OT Lines Forwards
Justin Holl, Owen Tippett, Nick Bjugstad, Mason Marchment, Taylor Raddysh, Brett Leason, Matias Maccelli, Kailer Yamamoto, Fedor Svechkov, Brock McGinn
Custom OT Lines Defensemen
Nick Perbix, Mathew Dumba, Jakob Chychrun, Brett Pesce, Dylan DeMelo
Scratches
None


Play-by-Play

1st period


0:01 of 1st period - Casey Mittelstadt wins face-off versus Taylor Raddysh in neutral zone.
0:03 of 1st period - Off-side.
0:04 of 1st period - Casey Mittelstadt wins face-off versus Taylor Raddysh in neutral zone.
0:50 of 1st period - Wrist shot by Kailer Yamamoto.
0:50 of 1st period - Shot Misses the Net.
0:54 of 1st period - Snap shot by Kailer Yamamoto.
0:54 of 1st period - Stopped by Keith Petruzzelli with a rebound.
1:16 of 1st period - Slapshot by Pontus Holmberg.
1:16 of 1st period - Shot Blocked by Brock McGinn.
1:49 of 1st period - Icing by Casey Mittelstadt.
1:50 of 1st period - Kailer Yamamoto wins face-off versus Filip Chytil in Blues zone.
2:29 of 1st period - Wrist shot by Filip Chytil.
2:29 of 1st period - Stopped by Joonas Korpisalo with a rebound.
2:31 of 1st period - Wrist shot by Marcus Johansson.
2:31 of 1st period - Shot Blocked by Calvin de Haan.
2:33 of 1st period - Slapshot by Filip Chytil.
2:33 of 1st period - Deflect By Michael Bunting.
2:33 of 1st period - Stopped by Joonas Korpisalo with a rebound.
2:35 of 1st period - Snap shot by Filip Chytil.
2:35 of 1st period - Stopped by Joonas Korpisalo with a rebound.
2:39 of 1st period - Wrist shot by Marcus Johansson.
2:39 of 1st period - Stopped by Joonas Korpisalo with a rebound.
2:41 of 1st period - Slapshot by Rasmus Ristolainen.
2:41 of 1st period - Stopped by Joonas Korpisalo with a rebound.
2:43 of 1st period - Slapshot by Rasmus Ristolainen.
2:43 of 1st period - Shot Misses the Net.
2:45 of 1st period - Slapshot by Rasmus Ristolainen.
2:45 of 1st period - Deflect By Filip Chytil.
2:45 of 1st period - Shot Misses the Net.
2:45 of 1st period - Puck is out of play.
2:46 of 1st period - Casey Mittelstadt wins face-off versus Taylor Raddysh in Red Wings zone.
2:56 of 1st period - Icing by Taylor Raddysh.
2:57 of 1st period - Taylor Raddysh wins face-off versus Evan Rodrigues in Red Wings zone.
3:24 of 1st period - Slapshot by Owen Tippett.
3:24 of 1st period - Shot Blocked by Ethan Del Mastro.
3:26 of 1st period - Backhand shot by Mason Lohrei.
3:26 of 1st period - Stopped by Keith Petruzzelli with a rebound.
3:28 of 1st period - Wrist shot by Dylan DeMelo.
3:28 of 1st period - Shot Blocked by Ethan Del Mastro.
3:30 of 1st period - Backhand shot by Taylor Raddysh.
3:30 of 1st period - Shot Misses the Net.
3:34 of 1st period - Slapshot by Owen Tippett.
3:34 of 1st period - Stopped by Keith Petruzzelli with a rebound.
3:36 of 1st period - Snap shot by Owen Tippett.
3:36 of 1st period - Shot Misses the Net.
3:38 of 1st period - Wrist shot by Owen Tippett.
3:38 of 1st period - Stopped by Keith Petruzzelli with a rebound.
3:40 of 1st period - Snap shot by Mason Marchment.
3:40 of 1st period - Shot Misses the Net.
3:42 of 1st period - Wrist shot by Dylan DeMelo.
3:42 of 1st period - Stopped by Keith Petruzzelli with a rebound.
3:44 of 1st period - Snap shot by Mason Lohrei.
3:44 of 1st period - Stopped by Keith Petruzzelli with a rebound.
3:46 of 1st period - Slapshot by Mason Lohrei.
3:46 of 1st period - Shot Misses the Net.
3:48 of 1st period - Snap shot by Mason Marchment.
3:48 of 1st period - Stopped by Keith Petruzzelli with a rebound.
3:50 of 1st period - Slapshot by Owen Tippett.
3:50 of 1st period - Stopped by Keith Petruzzelli without a rebound.
3:51 of 1st period - Nick Bjugstad wins face-off versus Casey Mittelstadt in Blues zone.
4:16 of 1st period - Neal Pionk is hit by Mathew Dumba.
5:03 of 1st period - Icing by Rasmus Ristolainen.
5:04 of 1st period - Casey Mittelstadt wins face-off versus Mason Marchment in Blues zone.
5:18 of 1st period - Snap shot by Michael Bunting.
5:18 of 1st period - Shot Blocked by Dylan DeMelo.
5:20 of 1st period - Slapshot by Rasmus Ristolainen.
5:20 of 1st period - Deflect By Michael Bunting.
5:20 of 1st period - Shot Blocked by Dylan DeMelo.
5:20 of 1st period - Puck is out of play.
5:21 of 1st period - Casey Mittelstadt wins face-off versus Nick Bjugstad in Red Wings zone.
5:22 of 1st period - Snap shot by Jack Quinn.
5:22 of 1st period - Stopped by Joonas Korpisalo with a rebound.
5:24 of 1st period - Slapshot by Jack Quinn.
5:24 of 1st period - Shot Blocked by Calvin de Haan.
5:26 of 1st period - Slapshot by Rasmus Ristolainen.
5:26 of 1st period - Stopped by Joonas Korpisalo with a rebound.
5:47 of 1st period - Minor Penalty to Mathieu Olivier for Hooking.
5:48 of 1st period - Marcus Johansson wins face-off versus Nick Bjugstad in Blues zone.
7:22 of 1st period - Neal Pionk is hit by David Pastrnak.
7:36 of 1st period - Rasmus Ristolainen is hit by Mason Marchment and loses puck.
7:47 of 1st period - Penalty to Mathieu Olivier is over, Mathieu Olivier is back on ice.
7:55 of 1st period - Snap shot by Filip Chytil.
7:55 of 1st period - Shot Misses the Net.
8:14 of 1st period - Slapshot by Mathieu Olivier.
8:14 of 1st period - Shot Blocked by Calvin de Haan.
8:16 of 1st period - Snap shot by Mathieu Olivier.
8:16 of 1st period - Stopped by Joonas Korpisalo with a rebound.
8:24 of 1st period - Slapshot by Marcus Johansson.
8:24 of 1st period - Stopped by Joonas Korpisalo without a rebound.
8:25 of 1st period - Nick Bjugstad wins face-off versus Pontus Holmberg in Red Wings zone.
9:27 of 1st period - Icing by Dylan DeMelo.
9:28 of 1st period - Nick Bjugstad wins face-off versus Casey Mittelstadt in Red Wings zone.
11:14 of 1st period - Taylor Raddysh is hit by Torey Krug and loses puck.
12:15 of 1st period - Mathew Dumba is hit by Torey Krug and loses puck.
13:02 of 1st period - Slapshot by Mathieu Olivier.
13:02 of 1st period - Stopped by Joonas Korpisalo with a rebound.
13:12 of 1st period - Jakob Chychrun is hit by Michael Bunting and loses puck.
13:23 of 1st period - Wrist shot by Nick Bjugstad.
13:23 of 1st period - Shot Misses the Net.
13:25 of 1st period - Wrist shot by Nick Bjugstad.
13:25 of 1st period - Stopped by Keith Petruzzelli without a rebound.
13:26 of 1st period - Taylor Raddysh wins face-off versus Dawson Mercer in Blues zone.
13:51 of 1st period - Rasmus Ristolainen is hit by Calvin de Haan and loses puck.
14:00 of 1st period - Wrist shot by Marcus Johansson.
14:00 of 1st period - Deflect By Filip Chytil.
14:00 of 1st period - Stopped by Joonas Korpisalo with a rebound.
14:14 of 1st period - Snap shot by Owen Tippett.
14:14 of 1st period - Shot Blocked by Ethan Del Mastro.
14:46 of 1st period - Mason Lohrei is hit by Dawson Mercer and loses puck.
15:04 of 1st period - Snap shot by Pontus Holmberg.
15:04 of 1st period - Stopped by Joonas Korpisalo without a rebound.
15:05 of 1st period - Filip Chytil wins face-off versus Taylor Raddysh in Red Wings zone.
15:20 of 1st period - Snap shot by Marcus Johansson.
15:20 of 1st period - Stopped by Joonas Korpisalo with a rebound.
15:30 of 1st period - Snap shot by Logan O'Connor.
15:30 of 1st period - Stopped by Joonas Korpisalo with a rebound.
15:54 of 1st period - Wrist shot by Nick Bjugstad.
15:54 of 1st period - Stopped by Keith Petruzzelli without a rebound.
15:55 of 1st period - Casey Mittelstadt wins face-off versus Nick Bjugstad in Blues zone.
16:15 of 1st period - Rasmus Ristolainen is hit by Calvin de Haan and loses puck.
16:22 of 1st period - Dawson Mercer is hit by Brock McGinn.
16:32 of 1st period - Snap shot by Brett Leason.
16:32 of 1st period - Shot Blocked by Neal Pionk.
17:50 of 1st period - Wrist shot by Casey Mittelstadt.
17:50 of 1st period - Shot Misses the Net.
17:52 of 1st period - Slapshot by Evan Bouchard.
17:52 of 1st period - Goal by Evan Bouchard - Blues : 1 - Red Wings : 0.
17:53 of 1st period - Filip Chytil wins face-off versus Taylor Raddysh in neutral zone.
18:24 of 1st period - Snap shot by Kailer Yamamoto.
18:24 of 1st period - Shot Blocked by Mathieu Olivier.
18:26 of 1st period - Wrist shot by Kailer Yamamoto.
18:26 of 1st period - Stopped by Keith Petruzzelli without a rebound.
18:27 of 1st period - Taylor Raddysh wins face-off versus Filip Chytil in Blues zone.
18:28 of 1st period - Snap shot by Mason Marchment.
18:28 of 1st period - Stopped by Keith Petruzzelli without a rebound.
18:29 of 1st period - Taylor Raddysh wins face-off versus Michael Bunting in Blues zone.
18:38 of 1st period - Slapshot by Mason Marchment.
18:38 of 1st period - Shot Misses the Net.
18:40 of 1st period - Slapshot by Brett Pesce.
18:40 of 1st period - Stopped by Keith Petruzzelli with a rebound.
18:42 of 1st period - Slapshot by Brett Pesce.
18:42 of 1st period - Stopped by Keith Petruzzelli without a rebound.
18:43 of 1st period - Filip Chytil wins face-off versus Taylor Raddysh in Blues zone.
Goals for this period are 1 for Blues vs 0 for Red Wings.
Shots for this period are 15 for Blues vs 14 for Red Wings.

2nd period


0:01 of 2nd period - Filip Chytil wins face-off versus Taylor Raddysh in neutral zone.
0:04 of 2nd period - Backhand shot by Michael Bunting.
0:04 of 2nd period - Shot Blocked by Jakob Chychrun.
0:30 of 2nd period - Wrist shot by Logan O'Connor.
0:30 of 2nd period - Stopped by Joonas Korpisalo with a rebound.
0:32 of 2nd period - Wrist shot by Mathieu Olivier.
0:32 of 2nd period - Goal by Mathieu Olivier - Blues : 2 - Red Wings : 0.
0:33 of 2nd period - Taylor Raddysh wins face-off versus Filip Chytil in neutral zone.
1:03 of 2nd period - Snap shot by Mathieu Olivier.
1:03 of 2nd period - Deflect By Logan O'Connor.
1:03 of 2nd period - Goal by Logan O'Connor - Blues : 3 - Red Wings : 0.
1:04 of 2nd period - Taylor Raddysh wins face-off versus Filip Chytil in neutral zone.
1:07 of 2nd period - Snap shot by Owen Tippett.
1:07 of 2nd period - Shot Blocked by Evan Bouchard.
1:09 of 2nd period - Wrist shot by Owen Tippett.
1:09 of 2nd period - Shot Blocked by Neal Pionk.
1:11 of 2nd period - Snap shot by Mason Marchment.
1:11 of 2nd period - Deflect By Owen Tippett.
1:11 of 2nd period - Stopped by Keith Petruzzelli without a rebound.
1:12 of 2nd period - Filip Chytil wins face-off versus Taylor Raddysh in Blues zone.
1:37 of 2nd period - Snap shot by Logan O'Connor.
1:37 of 2nd period - Stopped by Joonas Korpisalo with a rebound.
1:45 of 2nd period - Neal Pionk is hit by Mason Marchment and loses puck.
1:58 of 2nd period - Snap shot by Mason Marchment.
1:58 of 2nd period - Stopped by Keith Petruzzelli with a rebound.
2:00 of 2nd period - Slapshot by Taylor Raddysh.
2:00 of 2nd period - Shot Blocked by Mathieu Olivier.
2:02 of 2nd period - Wrist shot by Owen Tippett.
2:02 of 2nd period - Shot Misses the Net.
2:04 of 2nd period - Slapshot by Jakob Chychrun.
2:04 of 2nd period - Stopped by Keith Petruzzelli with a rebound.
2:11 of 2nd period - Minor Penalty to Mathieu Olivier for Elbowing.
2:12 of 2nd period - Nick Bjugstad wins face-off versus Marcus Johansson in Blues zone.
3:42 of 2nd period - Filip Chytil is hit by Brock McGinn and loses puck.
4:11 of 2nd period - Penalty to Mathieu Olivier is over, Mathieu Olivier is back on ice.
4:15 of 2nd period - Snap shot by Brett Leason.
4:15 of 2nd period - Stopped by Keith Petruzzelli without a rebound.
4:16 of 2nd period - Matias Maccelli wins face-off versus Pontus Holmberg in Blues zone.
4:17 of 2nd period - Wrist shot by Brett Leason.
4:17 of 2nd period - Deflect By Arthur Kaliyev.
4:17 of 2nd period - Shot Blocked by Torey Krug.
4:17 of 2nd period - Puck is out of play.
4:18 of 2nd period - Matias Maccelli wins face-off versus Dalibor Dvorsky in Blues zone.
4:19 of 2nd period - Wrist shot by Brett Leason.
4:19 of 2nd period - Shot Misses the Net.
4:27 of 2nd period - Snap shot by Torey Krug.
4:27 of 2nd period - Deflect By Mathew Dumba.
4:27 of 2nd period - Stopped by Joonas Korpisalo with a rebound.
4:29 of 2nd period - Snap shot by Dalibor Dvorsky.
4:29 of 2nd period - Stopped by Joonas Korpisalo with a rebound.
4:31 of 2nd period - Slapshot by Nathan Bastian.
4:31 of 2nd period - Shot Blocked by Mathew Dumba.
4:43 of 2nd period - Snap shot by Marcus Johansson.
4:43 of 2nd period - Stopped by Joonas Korpisalo with a rebound.
4:45 of 2nd period - Snap shot by Filip Chytil.
4:45 of 2nd period - Shot Misses the Net.
4:47 of 2nd period - Slapshot by Rasmus Ristolainen.
4:47 of 2nd period - Shot Misses the Net.
4:49 of 2nd period - Snap shot by Michael Bunting.
4:49 of 2nd period - Shot Blocked by Calvin de Haan.
4:51 of 2nd period - Snap shot by Filip Chytil.
4:51 of 2nd period - Shot Misses the Net.
4:53 of 2nd period - Slapshot by Rasmus Ristolainen.
4:53 of 2nd period - Stopped by Joonas Korpisalo with a rebound.
4:55 of 2nd period - Slapshot by Marcus Johansson.
4:55 of 2nd period - Shot Misses the Net.
5:11 of 2nd period - Wrist shot by Mason Marchment.
5:11 of 2nd period - Goal by Mason Marchment - Blues : 3 - Red Wings : 1.
5:12 of 2nd period - Taylor Raddysh wins face-off versus Filip Chytil in neutral zone.
5:19 of 2nd period - Wrist shot by Owen Tippett.
5:19 of 2nd period - Shot Misses the Net.
5:21 of 2nd period - Slapshot by Dylan DeMelo.
5:21 of 2nd period - Stopped by Keith Petruzzelli without a rebound.
5:22 of 2nd period - Taylor Raddysh wins face-off versus Michael Bunting in Blues zone.
5:23 of 2nd period - Slapshot by Mason Marchment.
5:23 of 2nd period - Stopped by Keith Petruzzelli without a rebound.
5:24 of 2nd period - Filip Chytil wins face-off versus Nick Bjugstad in Blues zone.
5:26 of 2nd period - Minor Penalty to Michael Bunting for Delaying the game.
5:27 of 2nd period - Nick Bjugstad wins face-off versus Marcus Johansson in Blues zone.
5:35 of 2nd period - Snap shot by Owen Tippett.
5:35 of 2nd period - Stopped by Keith Petruzzelli with a rebound.
5:37 of 2nd period - Slapshot by Dylan DeMelo.
5:37 of 2nd period - Stopped by Keith Petruzzelli without a rebound.
5:38 of 2nd period - Marcus Johansson wins face-off versus Nick Bjugstad in Blues zone.
6:25 of 2nd period - Slapshot by Jakob Chychrun.
6:25 of 2nd period - Deflect By David Pastrnak.
6:25 of 2nd period - Stopped by Keith Petruzzelli with a rebound.
6:32 of 2nd period - Icing by Nick Bjugstad.
6:33 of 2nd period - Marcus Johansson wins face-off versus Nick Bjugstad in Red Wings zone.
7:10 of 2nd period - Brock McGinn is hit by Logan O'Connor and loses puck.
7:26 of 2nd period - Penalty to Michael Bunting is over, Michael Bunting is back on ice.
7:32 of 2nd period - Off-side.
7:33 of 2nd period - Casey Mittelstadt wins face-off versus Kailer Yamamoto in neutral zone.
8:42 of 2nd period - Off-side.
8:43 of 2nd period - Casey Mittelstadt wins face-off versus Kailer Yamamoto in neutral zone.
9:08 of 2nd period - Dylan DeMelo is hit by Evan Rodrigues.
9:54 of 2nd period - Snap shot by Kailer Yamamoto.
9:54 of 2nd period - Shot Misses the Net.
10:15 of 2nd period - Ethan Del Mastro is hit by Brock McGinn and loses puck.
10:50 of 2nd period - Wrist shot by Jack Quinn.
10:50 of 2nd period - Stopped by Joonas Korpisalo with a rebound.
11:11 of 2nd period - Wrist shot by Kailer Yamamoto.
11:11 of 2nd period - Stopped by Keith Petruzzelli with a rebound.
11:27 of 2nd period - Nick Perbix is hit by Evan Rodrigues and loses puck.
13:49 of 2nd period - Wrist shot by Logan O'Connor.
13:49 of 2nd period - Shot Hit the Post.
13:57 of 2nd period - Pontus Holmberg is hit by Taylor Raddysh and loses puck.
14:08 of 2nd period - Neal Pionk is hit by Justin Holl.
14:50 of 2nd period - Ethan Del Mastro is hit by Mason Marchment.
15:10 of 2nd period - Nick Bjugstad is hit by Marcus Johansson and loses puck.
15:21 of 2nd period - Morgan Rielly is hit by Taylor Raddysh and loses puck.
17:35 of 2nd period - Fedor Svechkov is hit by Dawson Mercer and loses puck.
17:57 of 2nd period - Calvin de Haan is hit by Michael Bunting and loses puck.
18:14 of 2nd period - Nick Bjugstad is hit by Pontus Holmberg and loses puck.
18:46 of 2nd period - Nick Bjugstad is hit by Evan Rodrigues and loses puck.
19:35 of 2nd period - Calvin de Haan is hit by Casey Mittelstadt and loses puck.
19:57 of 2nd period - Slapshot by Torey Krug.
19:57 of 2nd period - Stopped by Joonas Korpisalo without a rebound.
19:58 of 2nd period - Evan Rodrigues wins face-off versus Taylor Raddysh in Red Wings zone.
Goals for this period are 2 for Blues vs 1 for Red Wings.
Shots for this period are 10 for Blues vs 11 for Red Wings.

3rd period


0:01 of 3rd period - Filip Chytil wins face-off versus Nick Bjugstad in neutral zone.
0:06 of 3rd period - Snap shot by Michael Bunting.
0:06 of 3rd period - Stopped by Joonas Korpisalo with a rebound.
0:13 of 3rd period - Off-side.
0:14 of 3rd period - Casey Mittelstadt wins face-off versus Taylor Raddysh in neutral zone.
0:22 of 3rd period - Minor Penalty to Neal Pionk for Slashing.
0:23 of 3rd period - Nick Bjugstad wins face-off versus Marcus Johansson in Blues zone.
1:39 of 3rd period - Ethan Del Mastro is hit by David Pastrnak and loses puck.
2:05 of 3rd period - Justin Holl is hit by Morgan Rielly.
2:22 of 3rd period - Penalty to Neal Pionk is over, Neal Pionk is back on ice.
2:49 of 3rd period - Kailer Yamamoto is hit by Torey Krug and loses puck.
4:08 of 3rd period - Snap shot by Neal Pionk.
4:08 of 3rd period - Stopped by Joonas Korpisalo with a rebound.
4:18 of 3rd period - Jack Quinn is hit by Mason Lohrei and loses puck.
4:41 of 3rd period - Slapshot by Evan Bouchard.
4:41 of 3rd period - Stopped by Joonas Korpisalo without a rebound.
4:42 of 3rd period - Mathieu Olivier wins face-off versus Taylor Raddysh in Red Wings zone.
5:10 of 3rd period - Slapshot by Jakob Chychrun.
5:10 of 3rd period - Stopped by Keith Petruzzelli without a rebound.
5:11 of 3rd period - Kailer Yamamoto wins face-off versus Filip Chytil in Blues zone.
5:12 of 3rd period - Slapshot by Jakob Chychrun.
5:12 of 3rd period - Deflect By Kailer Yamamoto.
5:12 of 3rd period - Shot Blocked by Marcus Johansson.
5:12 of 3rd period - Puck is out of play.
5:13 of 3rd period - Kailer Yamamoto wins face-off versus Filip Chytil in Blues zone.
6:33 of 3rd period - Snap shot by Logan O'Connor.
6:33 of 3rd period - Stopped by Joonas Korpisalo with a rebound.
6:49 of 3rd period - Snap shot by Kailer Yamamoto.
6:49 of 3rd period - Stopped by Keith Petruzzelli with a rebound.
7:11 of 3rd period - Snap shot by Evan Rodrigues.
7:11 of 3rd period - Stopped by Joonas Korpisalo with a rebound.
7:19 of 3rd period - Wrist shot by Kailer Yamamoto.
7:19 of 3rd period - Shot Blocked by Torey Krug.
7:21 of 3rd period - Snap shot by Justin Holl.
7:21 of 3rd period - Stopped by Keith Petruzzelli with a rebound.
7:23 of 3rd period - Backhand shot by Kailer Yamamoto.
7:23 of 3rd period - Shot Misses the Net.
7:25 of 3rd period - Slapshot by Kailer Yamamoto.
7:25 of 3rd period - Stopped by Keith Petruzzelli with a rebound.
7:29 of 3rd period - Backhand shot by Jakob Chychrun.
7:29 of 3rd period - Deflect By Justin Holl.
7:29 of 3rd period - Shot Misses the Net.
7:29 of 3rd period - Puck is out of play.
7:30 of 3rd period - Filip Chytil wins face-off versus Nick Bjugstad in Blues zone.
7:43 of 3rd period - Michael Bunting is hit by Dylan DeMelo and loses puck.
8:26 of 3rd period - Mason Lohrei is hit by Neal Pionk and loses puck.
12:05 of 3rd period - Icing by Evan Rodrigues.
12:06 of 3rd period - Taylor Raddysh wins face-off versus Casey Mittelstadt in Blues zone.
12:25 of 3rd period - Arthur Kaliyev is hit by Mathieu Olivier and loses puck.
12:32 of 3rd period - Wrist shot by Mathieu Olivier.
12:32 of 3rd period - Stopped by Joonas Korpisalo without a rebound.
12:33 of 3rd period - Marcus Johansson wins face-off versus Taylor Raddysh in Red Wings zone.
13:00 of 3rd period - Neal Pionk is hit by Brett Leason and loses puck.
13:09 of 3rd period - Wrist shot by Brock McGinn.
13:09 of 3rd period - Shot Blocked by Evan Bouchard.
13:11 of 3rd period - Slapshot by Mathew Dumba.
13:11 of 3rd period - Deflect By Evan Bouchard.
13:11 of 3rd period - Stopped by Keith Petruzzelli with a rebound.
13:51 of 3rd period - Morgan Rielly is hit by Mason Marchment and loses puck.
15:06 of 3rd period - Wrist shot by Mason Lohrei.
15:06 of 3rd period - Deflect By Rasmus Ristolainen.
15:06 of 3rd period - Stopped by Keith Petruzzelli without a rebound.
15:07 of 3rd period - Nick Bjugstad wins face-off versus Pontus Holmberg in Blues zone.
15:38 of 3rd period - Slapshot by Morgan Rielly.
15:38 of 3rd period - Shot Misses the Net.
15:42 of 3rd period - Wrist shot by Evan Rodrigues.
15:42 of 3rd period - Shot Misses the Net.
15:44 of 3rd period - Snap shot by Rasmus Ristolainen.
15:44 of 3rd period - Shot Blocked by Mason Lohrei.
15:46 of 3rd period - Slapshot by Rasmus Ristolainen.
15:46 of 3rd period - Stopped by Joonas Korpisalo with a rebound.
16:06 of 3rd period - Wrist shot by Jack Quinn.
16:06 of 3rd period - Goal by Jack Quinn - Blues : 4 - Red Wings : 1.
16:07 of 3rd period - Dawson Mercer wins face-off versus Nick Bjugstad in neutral zone.
16:10 of 3rd period - Calvin de Haan is hit by Dawson Mercer and loses puck.
16:23 of 3rd period - Slapshot by Jack Quinn.
16:23 of 3rd period - Stopped by Joonas Korpisalo with a rebound.
16:33 of 3rd period - Mathew Dumba is hit by Evan Rodrigues.
17:17 of 3rd period - Wrist shot by Pontus Holmberg.
17:17 of 3rd period - Stopped by Joonas Korpisalo without a rebound.
17:18 of 3rd period - Pontus Holmberg wins face-off versus Kailer Yamamoto in Red Wings zone.
17:25 of 3rd period - Slapshot by Pontus Holmberg.
17:25 of 3rd period - Stopped by Joonas Korpisalo without a rebound.
17:26 of 3rd period - Taylor Raddysh wins face-off versus Casey Mittelstadt in Red Wings zone.
17:53 of 3rd period - Brett Leason is hit by Evan Bouchard.
19:00 of 3rd period - Slapshot by Nathan Bastian.
19:00 of 3rd period - Stopped by Joonas Korpisalo without a rebound.
19:01 of 3rd period - Taylor Raddysh wins face-off versus Dawson Mercer in Red Wings zone.
19:10 of 3rd period - Snap shot by Owen Tippett.
19:10 of 3rd period - Stopped by Keith Petruzzelli without a rebound.
19:11 of 3rd period - Dawson Mercer wins face-off versus Owen Tippett in Blues zone.
19:24 of 3rd period - Snap shot by Mason Marchment.
19:24 of 3rd period - Deflect By Torey Krug.
19:24 of 3rd period - Shot Misses the Net.
19:24 of 3rd period - Puck is out of play.
19:25 of 3rd period - Filip Chytil wins face-off versus Brock McGinn in Blues zone.
19:52 of 3rd period - Evan Bouchard is hit by Owen Tippett and loses puck.
19:59 of 3rd period - Wrist shot by Jack Quinn.
19:59 of 3rd period - Shot Misses the Net.
Goals for this period are 1 for Blues vs 0 for Red Wings.
Shots for this period are 12 for Blues vs 7 for Red Wings.